AoeStats
← tony le gros rou

Oasis

507978945Analyzed
4v4 RM · 11d ago on Sep 20, 2026· 30m 45s· 8 players
Game mode
Random Map
Map size
Large (8 player)
Population
200
Speed
Normal
Resources
Standard
Victory
Conquest
Starting age
Dark Age
Ending age
Imperial Age
RankedLock teamsTeams togetherTeam positionsShared explorationLock speedFull tech treeHidden civsTurbo modeCheats
Victory
Defeat
🇹🇼 Jurchens · Taiwan
1360
+16
🇹🇼 Maya · Taiwan
1333
+17
🇨🇳 Persians · China
1320
+18
🇨🇴 Franks · Colombia
1288
+19
🇫🇷 Hindustanis · France
1452
-22
🇫🇷 Britons · France
1400
-19
🇫🇷 Ethiopians · France
1356
-17
🇫🇷 Saracens · France
1223
-12
ACI ShaN
6:05 Loom
9:05 Feudal Age
9:42 Double-Bit Axe
11:21 Scale Barding Armor
17:36 Forging
20:09 Castle Age
19:52 Gold Mining
21:15 Chain Barding Armor
22:07 Bow Saw
22:27 Husbandry
23:18 Wheelbarrow
28:52 Iron Casting
29:54 Hand Cart
MapleStory
6:45 Loom
6:53 Loom
10:32 Feudal Age
11:07 Double-Bit Axe
15:06 Forging
16:09 Scale Barding Armor
20:15 Horse Collar
23:18 Castle Age
21:28 Gold Mining
22:46 Bloodlines
24:07 Bow Saw
24:00 Heavy Plow
26:27 Wheelbarrow
27:22 Chain Barding Armor
28:24 Husbandry
anny52086
7:36 Loom
10:00 Feudal Age
11:12 Double-Bit Axe
20:15 Castle Age
19:01 Horse Collar
19:31 Fletching
19:45 Padded Archer Armor
20:33 Gold Mining
21:20 Bow Saw
22:31 Bodkin Arrow
23:47 Wheelbarrow
25:07 Bloodlines
25:37 Town Watch
28:53 Husbandry
娘子出來看上帝了
0:29 Loom
11:52 Feudal Age
12:52 Double-Bit Axe
14:09 Fletching
14:41 Gold Mining
14:32 Horse Collar
15:48 Padded Archer Armor
25:07 Castle Age
24:04 Stone Mining
26:00 Wheelbarrow
25:15 Crossbowman
25:55 Bodkin Arrow
26:35 Bow Saw
27:53 Ballistics
29:44 Town Watch
AstrowPro
2:28 Loom
9:37 Feudal Age
10:08 Double-Bit Axe
14:21 Fletching
15:48 Gold Mining
20:05 Horse Collar
24:56 Castle Age
23:09 Stone Mining
23:50 Padded Archer Armor
25:13 Crossbowman
25:51 Bodkin Arrow
26:12 Leather Archer Armor
26:23 Bow Saw
29:18 Wheelbarrow
tony le gros rou
5:26 Loom
9:10 Feudal Age
11:45 Double-Bit Axe
22:50 Castle Age
23:47 Scale Barding Armor
23:53 Forging
24:57 Husbandry
26:23 Bloodlines
La Momone 38
2:00 Loom
10:02 Feudal Age
21:45 Fletching
21:56 Padded Archer Armor
23:19 Padded Archer Armor
25:19 Horse Collar
30:29 Castle Age
Jungle Kriss
5:18 Loom
12:02 Feudal Age
16:56 Castle Age
15:23 Double-Bit Axe
15:21 Horse Collar
15:35 Gold Mining
17:52 Bow Saw
18:30 Scale Barding Armor
20:06 Bloodlines
21:12 Wheelbarrow
23:43 Husbandry
24:05 Chain Barding Armor
24:52 Heavy Plow
Connection lost

Rejoining the realm…

Still unreachable

The connection could not be restored.

Session expired

The server has moved on; the page needs a fresh start.